 Dungeon Crawl Stone Soup version 0.18-a0-1293-g5a2c81a (webtiles) character file.

109 Tomstefer the Magician (level 4, -5/24 HPs)
             Began as a Gargoyle Fire Elementalist on Feb 10, 2016.
             Killed by divine providence
             ... invoked by an orc priest
              (12 damage)
             ... on level 3 of the Dungeon.
             The game lasted 00:08:19 (1841 turns).

Tomstefer the Magician (Gargoyle Fire Elementalist) Turns: 1841, Time: 00:08:19

Health: -5/24      AC:  5    Str: 12    XL:     4   Next: 90%
Magic:  0/10       EV: 12    Int: 16    God:
Gold:   63         SH:  0    Dex: 10    Spells: 2 memorised, 7 levels left

rFire  + . .     SeeInvis .     h - +0 whip
rCold  x . .     Gourm    .     f - +0 robe (curse)
rNeg   + . .     Faith    .     (no shield)
rPois  ∞         Spirit   .     (no helmet)
rElec  +         Dismiss  .     (no cloak)
rCorr  .         Reflect  .     (no gloves)
SustAt .         Harm     +     (no boots)
MR     .....                    m - amulet of harm
Stlth  ++........               r - ring of wizardry
                                k - ring of fire

@: not resistant to hostile enchantments, unstealthy
A: negative energy resistance 1, electricity resistance, unbreathing,
petrification resistance, rot immunity, AC +3
a: no special abilities


You were on level 3 of the Dungeon.
You were not hungry.

You visited 1 branch of the dungeon, and saw 3 of its levels.

You collected 63 gold pieces.

Inventory:

Hand Weapons
 h - a +0 whip (weapon)
Armour
 a - a +0 robe
 f - a cursed +0 robe (worn)
Jewellery
 k - a ring of fire (left hand)
 m - an amulet of harm (around neck)
 r - a ring of wizardry (right hand)
 s - a +3 ring of strength
Scrolls
 t - a scroll of remove curse
Potions
 e - 3 potions of curing {unknown}
 g - a potion of degeneration {unknown}
 l - a potion of flight {unknown}
 n - 2 potions of agility {unknown}
 o - 2 potions of haste
 q - 2 potions of heal wounds {unknown}
Books
 b - a book of Flames

   Spells                             Type                      Level
   a - Flame Tongue                   Conjuration/Fire             1
   b - Throw Flame                    Conjuration/Fire             2
   c - Conjure Flame                  Conjuration/Fire             3
   d - Inner Flame                    Hexes/Fire                   3
   e - Sticky Flame                   Conjuration/Fire             4
   f - Fireball                       Conjuration/Fire             5
Comestibles
 c - 6 bread rations
 j - 2 fruits


   Skills:
 - Level 1.6 Dodging
 - Level 2.2 Stealth
 * Level 4.0 Spellcasting
 - Level 1.1 Conjurations
 + Level 3.7 Fire Magic


You had 7 spell levels left.
You knew the following spells:

 Your Spells              Type           Power        Failure   Level  Hunger
a - Flame Tongue          Conj/Fire      ###..        4%          1    None
b - Conjure Flame         Conj/Fire      ###.....     9%          3    ###....


Dungeon Overview and Level Annotations

Branches:
Dungeon (3/15)

Altars:


Innate Abilities, Weirdness & Mutations

You are resistant to torment.
Your stone body is resilient (AC +3).
You are immune to poison.
You resist negative energy.
You are resistant to electric shocks.
You can survive without breathing.
You are immune to petrification.
You are immune to rotting.


Message History

Casting: Flame Tongue
Confirm with . or Enter, or press ? or * to list all spells.
You don't have enough magic to cast that spell.
Unknown command.
Casting: Flame Tongue
Confirm with . or Enter, or press ? or * to list all spells.
Aiming: Flame Tongue
Press: ? - help, Shift-Dir - straight line, f/p - orc
Aim: an orc You feel a surge of power!
The flame tongue hits the orc.
The orc is almost dead.
The orc priest calls down the wrath of Beogh upon you.
Something smites you!
Ouch! That really hurt!
* * * LOW HITPOINT WARNING * * *
Unknown command.
The orc priest mumbles some strange prayers to Beogh against you.
Something smites you!
Ouch! That really hurt!
You die...

#. ### ### #.
..# ...#. #.# #
##.#.##.#####.#
......#o......#
###...........
#...<)....o.o.
#...#o####..o.
#...@.# .
#.#.### #.#. #
#. #. #. #. #.


You could see an orc priest and an orc.

Vanquished Creatures
  An orc wizard (D:3)
  Jessica (D:2)
  An ooze (D:1)
  A worm (D:2)
  2 giant geckos
  An orc (D:3)
  2 giant cockroaches (D:2)
  10 goblins
  6 hobgoblins (D:1)
  A ball python (D:2)
  3 bats
  2 giant newts (D:1)
  8 kobolds
  5 rats
44 creatures vanquished.

Notes
Turn   | Place    | Note
--------------------------------------------------------------
     0 | D:1      | Tomstefer the Gargoyle Fire Elementalist began the quest for the Orb.
     0 | D:1      | Reached XP level 1. HP: 10/10 MP: 3/3
   189 | D:1      | Reached XP level 2. HP: 15/15 MP: 3/5
   621 | D:1      | Reached XP level 3. HP: 19/19 MP: 4/7
  1123 | D:2      | Learned a level 3 spell: Conjure Flame
  1431 | D:2      | Noticed Jessica
  1435 | D:2      | Killed Jessica
  1435 | D:2      | Reached XP level 4. HP: 24/24 MP: 2/9
  1828 | D:3      | Reached skill level 4 in Spellcasting
  1841 | D:3      | Killed from afar by an orc priest

Vault maps used:
D:1:      tarquinn_simple_flora_water_a
D:2:      first_bread, uniq_jessica
D:3:      ashenzari_conservatory_becter

Action                   |  1- 3 |  4- 6 || total
-------------------------+-------+-------++-------
Melee: Club              |    22 |       ||    22
       Whip              |     1 |       ||     1
 Cast: Flame Tongue      |    52 |    19 ||    71
       Conjure Flame     |       |     1 ||     1
  Use: Scroll            |     5 |     2 ||     7
  Eat: Chunk             |     2 |     1 ||     3
